| TOP OF THE 1ST |
|
University of California Golden Bears batting - Pitching for Wichita State University Shockers : RHP Kyle Gray
|
|
Pitching: RHP Kyle Gray
|
|
|
Batting: LHB Luis Orellana
|
0-0: Ball 1-0: Fly out, F3 (Line Drive, 3L, EV 61.9 MPH)
|
|
Batting: LHB Mario Molina
|
0-0: Called Strike 0-1: Ball 1-1: Called Strike 1-2: Ball 2-2: Foul Ball, location: 2F 2-2: Ball 3-2: SINGLE (Groundball, 4MD, EV 100.6 MPH)
|
|
Batting: SHB Nick Jansen
|
0-0: Fly out, F6 (Popup, 6M, EV 65.6 MPH)
|
|
Batting: RHB Nate Mahon
|
0-0: Called Strike 0-1: Fly out, F7 (Flyball, 78M, EV 83.8 MPH)
|
| Top of the 1st over - 0 runs, 1 hit, 0 errors, 1 left on base; University of California 0 - Wichita State University 0 |
| BOTTOM OF THE 1ST |
|
Wichita State University Shockers batting - Pitching for University of California Golden Bears : RHP Brian Williams
|
|
Pitching: RHP Brian Williams
|
|
|
Batting: LHB Kyle Lee
|
0-0: Ball 1-0: Called Strike 1-1: Ball 2-1: Ball 3-1: Fly out, F7 (Flyball, 7, EV 96.9 MPH)
|
|
Batting: SHB Peter Faggard
|
0-0: Called Strike 0-1: Reached on error, E1 (Groundball, 15S, EV 71.9 MPH)
|
|
Batting: LHB Carlos Flores
|
0-0: SINGLE (Groundball, 4M, EV 106.2 MPH) (infield hit) Peter Faggard to third
|
|
Batting: RHB Jason Adelstein
|
0-0: SINGLE (Line Drive, 6MD, EV 105.0 MPH) Peter Faggard scores Carlos Flores to second
|
|
Batting: LHB Troy Davies
|
0-0: Called Strike 0-1: Foul Ball, location: 2F 0-2: Strikes out swinging
|
|
Batting: RHB Lucio Baratta
|
0-0: Called Strike 0-1: Ball 1-1: Fly out, F7 (Flyball, 7S, EV 86.9 MPH)
|
| Bottom of the 1st over - 1 run, 2 hits, 1 error, 2 left on base; University of California 0 - Wichita State University 1 |
| TOP OF THE 2ND |
|
University of California Golden Bears batting - Pitching for Wichita State University Shockers : RHP Kyle Gray
|
|
Batting: RHB Jason Béllanger
|
0-0: Foul Ball, location: 2F 0-1: Ball 1-1: Ball 2-1: Ball 3-1: SINGLE (Groundball, 34D, EV 104.4 MPH)
|
|
Batting: RHB Juan Debayle
|
0-0: Swinging Strike 0-1: Grounds into double play, 5-4-3 (Groundball, 56S, EV 87.5 MPH)
|
|
Batting: RHB Mike Wilson
|
0-0: Ground out 6-3 (Groundball, 6, EV 92.5 MPH)
|
| Top of the 2nd over - 0 runs, 1 hit, 0 errors, 0 left on base; University of California 0 - Wichita State University 1 |
| BOTTOM OF THE 2ND |
|
Wichita State University Shockers batting - Pitching for University of California Golden Bears : RHP Brian Williams
|
|
Batting: RHB Jeff Grant
|
0-0: Foul Ball, location: 2F 0-1: Ball 1-1: Called Strike 1-2: Foul Ball, location: 2F 1-2: Ground out 4-3 (Groundball, 4, EV 86.2 MPH)
|
|
Batting: SHB Mike Chafe
|
0-0: Ball 1-0: Fly out, F9 (Flyball, 9D, EV 98.8 MPH)
|
|
Batting: RHB Joe Succo
|
0-0: Ground out 6-3 (Groundball, 56, EV 85.0 MPH)
|
| Bottom of the 2nd over - 0 runs, 0 hits, 0 errors, 0 left on base; University of California 0 - Wichita State University 1 |
| TOP OF THE 3RD |
|
University of California Golden Bears batting - Pitching for Wichita State University Shockers : RHP Kyle Gray
|
|
Batting: LHB Jonathan Sosa
|
0-0: Ball 1-0: Ball 2-0: Foul Ball, location: 2F 2-1: Foul Ball, location: 2F 2-2: Foul Ball, location: 2F 2-2: Strikes out swinging
|
|
Batting: RHB Jake Ralston
|
0-0: Called Strike 0-1: Called Strike 0-2: Fly out, F9 (Flyball, 9, EV 86.9 MPH)
|
|
Batting: LHB Luis Orellana
|
0-0: Ball 1-0: Called Strike 1-1: Fly out, F7 (Flyball, 78S, EV 93.8 MPH)
|
| Top of the 3rd over - 0 runs, 0 hits, 0 errors, 0 left on base; University of California 0 - Wichita State University 1 |
| BOTTOM OF THE 3RD |
|
Wichita State University Shockers batting - Pitching for University of California Golden Bears : RHP Brian Williams
|
|
Batting: LHB Kyle Lee
|
0-0: Swinging Strike 0-1: Ball 1-1: Ball 2-1: Foul Ball, location: 2F 2-2: DOUBLE (Line Drive, 9LD, EV 104.4 MPH)
|
|
Batting: SHB Peter Faggard
|
0-0: Ball 1-0: Called Strike 1-1: Ground out 1-3 (Groundball, 34S, EV 72.5 MPH) Kyle Lee to third
|
|
Batting: LHB Carlos Flores
|
0-0: Ball 1-0: Foul Ball, location: 2F 1-1: Foul Ball, location: 2F 1-2: Foul Ball, location: 2F 1-2: Ball 2-2: Ball 3-2: Base on Balls
|
|
Batting: RHB Jason Adelstein
|
0-0: Called Strike 0-1: Foul Ball, location: 2F 0-2: Ball 1-2: Strikes out swinging
|
|
Batting: LHB Troy Davies
|
0-0: Called Strike 0-1: Called Strike 0-2: Foul Ball, location: 2F 0-2: Ground out 4-3 (Groundball, 4, EV 88.1 MPH)
|
| Bottom of the 3rd over - 0 runs, 1 hit, 0 errors, 2 left on base; University of California 0 - Wichita State University 1 |
| TOP OF THE 4TH |
|
University of California Golden Bears batting - Pitching for Wichita State University Shockers : RHP Kyle Gray
|
|
Batting: LHB Mario Molina
|
0-0: Called Strike 0-1: Ball 1-1: Foul Ball, location: 2F 1-2: SINGLE (Line Drive, 6D, EV 96.2 MPH)
|
|
Batting: SHB Nick Jansen
|
0-0: Called Strike Mario Molina steals 2nd base 0-1: Foul Ball, location: 2F 0-2: Ball 1-2: Strikes out looking
|
|
Batting: RHB Nate Mahon
|
0-0: Ball 1-0: Foul Ball, location: 2F 1-1: Foul Ball, location: 2F 1-2: Strikes out swinging
|
|
Batting: RHB Jason Béllanger
|
0-0: Called Strike 0-1: Ball 1-1: Ground out 6-3 (Groundball, 6, EV 92.5 MPH)
|
| Top of the 4th over - 0 runs, 1 hit, 0 errors, 1 left on base; University of California 0 - Wichita State University 1 |
| BOTTOM OF THE 4TH |
|
Wichita State University Shockers batting - Pitching for University of California Golden Bears : RHP Brian Williams
|
|
Batting: RHB Lucio Baratta
|
0-0: Fly out, F9 (Line Drive, 9D, EV 94.4 MPH)
|
|
Batting: RHB Jeff Grant
|
0-0: Called Strike 0-1: Called Strike 0-2: Ball 1-2: Foul Ball, location: 2F 1-2: Strikes out looking
|
|
Batting: SHB Mike Chafe
|
0-0: SINGLE (Groundball, 4M, EV 100.0 MPH) (infield hit)
|
|
Batting: RHB Joe Succo
|
0-0: Foul Ball, location: 2F 0-1: Ball 1-1: Fielders Choice at 2nd, 6-4 (Groundball, 6, EV 83.8 MPH)
|
| Bottom of the 4th over - 0 runs, 1 hit, 0 errors, 1 left on base; University of California 0 - Wichita State University 1 |
| TOP OF THE 5TH |
|
University of California Golden Bears batting - Pitching for Wichita State University Shockers : RHP Kyle Gray
|
|
Batting: RHB Juan Debayle
|
0-0: Ball 1-0: Ground out 6-3 (Groundball, 6, EV 101.2 MPH)
|
|
Batting: RHB Mike Wilson
|
0-0: Ball 1-0: Foul Ball, location: 2F 1-1: Swinging Strike 1-2: Ball 2-2: Foul Ball, location: 2F 2-2: Ground out 6-3 (Groundball, 6S, EV 69.4 MPH)
|
|
Batting: LHB Jonathan Sosa
|
0-0: Foul Ball, location: 2F 0-1: Foul Ball, location: 2F 0-2: Foul Ball, location: 2F 0-2: Ball 1-2: Ball 2-2: Foul Ball, location: 2F 2-2: Strikes out looking
|
| Top of the 5th over - 0 runs, 0 hits, 0 errors, 0 left on base; University of California 0 - Wichita State University 1 |
| BOTTOM OF THE 5TH |
|
Wichita State University Shockers batting - Pitching for University of California Golden Bears : RHP Brian Williams
|
|
Batting: LHB Kyle Lee
|
0-0: Ball 1-0: Called Strike 1-1: Foul Ball, location: 2F 1-2: Fly out, F9 (Flyball, 9S, EV 86.9 MPH)
|
|
Batting: SHB Peter Faggard
|
0-0: Called Strike 0-1: Ball 1-1: Ball 2-1: Foul Ball, location: 2F 2-2: Ball 3-2: Foul Ball, location: 2F 3-2: Foul Ball, location: 2F 3-2: Ground out 3-1 (Groundball, 34, EV 102.5 MPH)
|
|
Batting: LHB Carlos Flores
|
0-0: Called Strike 0-1: Ball 1-1: Ball 2-1: Called Strike 2-2: Foul Ball, location: 2F 2-2: Strikes out looking
|
| Bottom of the 5th over - 0 runs, 0 hits, 0 errors, 0 left on base; University of California 0 - Wichita State University 1 |
| TOP OF THE 6TH |
|
University of California Golden Bears batting - Pitching for Wichita State University Shockers : RHP Kyle Gray
|
|
Batting: RHB Jake Ralston
|
0-0: Swinging Strike 0-1: Ball 1-1: Ball 2-1: DOUBLE (Groundball, 5D, EV 98.8 MPH)
|
|
Batting: LHB Luis Orellana
|
0-0: Called Strike 0-1: Ground out 5-3 (Groundball, 56, EV 108.8 MPH)
|
|
Batting: LHB Mario Molina
|
0-0: Ball 1-0: Called Strike 1-1: Called Strike 1-2: Ground out U3 (Groundball, 3L, EV 93.8 MPH) Jake Ralston to third
|
|
Batting: SHB Nick Jansen
|
0-0: Ground out 1-3 (Groundball, 13S, EV 73.8 MPH)
|
| Top of the 6th over - 0 runs, 1 hit, 0 errors, 1 left on base; University of California 0 - Wichita State University 1 |
| BOTTOM OF THE 6TH |
|
Wichita State University Shockers batting - Pitching for University of California Golden Bears : RHP Brian Williams
|
|
Batting: RHB Jason Adelstein
|
0-0: Ball 1-0: Ball 2-0: Ground out 6-3 (Groundball, 6M, EV 86.9 MPH)
|
|
Batting: LHB Troy Davies
|
0-0: Ground out 4-3 (Groundball, 4, EV 83.8 MPH)
|
|
Batting: RHB Lucio Baratta
|
0-0: Ball 1-0: SINGLE (Line Drive, 34D, EV 100.0 MPH)
|
|
Batting: RHB Jeff Grant
|
0-0: Foul Ball, location: 2F 0-1: Ball 1-1: Foul Ball, location: 2F 1-2: Ball 2-2: Foul Ball, location: 2F 2-2: Foul Ball, location: 2F 2-2: Fielders Choice at 2nd, 6-4 (Groundball, 56, EV 83.8 MPH)
|
| Bottom of the 6th over - 0 runs, 1 hit, 0 errors, 1 left on base; University of California 0 - Wichita State University 1 |
| TOP OF THE 7TH |
|
University of California Golden Bears batting - Pitching for Wichita State University Shockers : RHP Kyle Gray
|
|
Batting: RHB Nate Mahon
|
0-0: Ground out 5-3 (Groundball, 56S, EV 63.8 MPH)
|
|
Batting: RHB Jason Béllanger
|
0-0: Ball 1-0: Foul Ball, location: 2F 1-1: Fly out, F8 (Flyball, 89S, EV 88.1 MPH)
|
|
Batting: RHB Juan Debayle
|
0-0: Foul Ball, location: 2F 0-1: Ball 1-1: Ball 2-1: Foul Ball, location: 2F 2-2: SINGLE (Groundball, 34D, EV 100.0 MPH)
|
|
Batting: RHB Mike Wilson
|
0-0: Ball Juan Debayle steals 2nd base 1-0: Called Strike 1-1: Ball 2-1: Foul Ball, location: 2F 2-2: Fly out, F7 (Flyball, 7D, EV 110.6 MPH)
|
| Top of the 7th over - 0 runs, 1 hit, 0 errors, 1 left on base; University of California 0 - Wichita State University 1 |
| BOTTOM OF THE 7TH |
|
Wichita State University Shockers batting - Pitching for University of California Golden Bears : RHP Brian Williams
|
|
Pitching: RHP Jim Plessis
|
|
|
Batting: SHB Mike Chafe
|
0-0: Ball 1-0: Called Strike 1-1: Foul Ball, location: 2F 1-2: SINGLE (Groundball, 6MD, EV 95.6 MPH)
|
|
Batting: RHB Joe Succo
|
0-0: Bunted foul 0-1: Sac Bunt to 3S - play at second, runner OUT! 3-6
|
|
Batting: LHB Kyle Lee
|
0-0: Fly out, F5 (Popup, 5F, EV 53.1 MPH)
|
|
Batting: SHB Peter Faggard
|
0-0: Ball 1-0: Foul Ball, location: 2F 1-1: Foul Ball, location: 2F 1-2: Ball 2-2: 2-RUN HOME RUN (Flyball, 7LD, EV 93.8 MPH), Distance : 345 ft
|
|
Batting: LHB Carlos Flores
|
0-0: Ball 1-0: Reached on error, E8 (Flyball, 8LS, EV 89.4 MPH)
|
|
Batting: RHB Jason Adelstein
|
0-0: Ball 1-0: Ball 2-0: Called Strike 2-1: Ball 3-1: Foul Ball, location: 2F 3-2: Base on Balls
|
|
Batting: LHB Troy Davies
|
0-0: Called Strike 0-1: Fly out, F7 (Flyball, 7, EV 92.5 MPH)
|
| Bottom of the 7th over - 2 runs, 2 hits, 1 error, 2 left on base; University of California 0 - Wichita State University 3 |
| TOP OF THE 8TH |
|
University of California Golden Bears batting - Pitching for Wichita State University Shockers : RHP Kyle Gray
|
|
Pitching: LHP John Schroeder
|
|
|
Batting: LHB Jonathan Sosa
|
0-0: Foul Ball, location: 2F 0-1: Fly out, F9 (Line Drive, 89D, EV 87.5 MPH)
|
|
Batting: RHB Jake Ralston
|
0-0: Ball 1-0: Ball 2-0: Swinging Strike 2-1: Called Strike 2-2: Strikes out swinging
|
|
Batting: LHB Luis Orellana
|
0-0: Called Strike 0-1: Called Strike 0-2: Ball 1-2: Ball 2-2: Strikes out swinging
|
| Top of the 8th over - 0 runs, 0 hits, 0 errors, 0 left on base; University of California 0 - Wichita State University 3 |
| BOTTOM OF THE 8TH |
|
Wichita State University Shockers batting - Pitching for University of California Golden Bears : RHP Jim Plessis
|
|
Pitching: RHP Luis Rojas
|
|
|
Batting: RHB Lucio Baratta
|
0-0: Ball 1-0: Ball 2-0: Called Strike 2-1: Ball 3-1: Swinging Strike 3-2: Foul Ball, location: 2F 3-2: Base on Balls
|
|
Batting: RHB Jeff Grant
|
0-0: Ball 1-0: Ball 2-0: Sac Bunt to P - play at second, runner OUT! 1-6
|
|
Batting: SHB Mike Chafe
|
0-0: Foul Ball, location: 2F 0-1: Swinging Strike 0-2: Ball 1-2: SINGLE (Groundball, 4M, EV 109.4 MPH) (infield hit) Jeff Grant to second
|
|
Batting: RHB Joe Succo
|
0-0: Ball 1-0: Foul Ball, location: 2F 1-1: Foul Ball, location: 2F 1-2: Ball 2-2: SINGLE (Flyball, 7LM, EV 96.9 MPH) Jeff Grant to third Mike Chafe to second
|
|
Pitching: LHP Adam Gavel
|
|
|
Batting: LHB Kyle Lee
|
0-0: Ball 1-0: Grounds into fielders choice 4-2 (Groundball, 4, EV 101.9 MPH) Mike Chafe to third Joe Succo to second
|
|
Batting: SHB Peter Faggard
|
0-0: Swinging Strike 0-1: Ball 1-1: Swinging Strike 1-2: Strikes out swinging
|
| Bottom of the 8th over - 0 runs, 2 hits, 0 errors, 3 left on base; University of California 0 - Wichita State University 3 |
| TOP OF THE 9TH |
|
University of California Golden Bears batting - Pitching for Wichita State University Shockers : LHP John Schroeder
|
|
Pitching: LHP Blake Gans
|
|
|
Pinch Hitting: LHB Carlos Gaona
|
0-0: Called Strike 0-1: Called Strike 0-2: Ball 1-2: Fly out, F7 (Line Drive, 7S, EV 99.4 MPH)
|
|
Batting: SHB Nick Jansen
|
0-0: Ball 1-0: Ball 2-0: Fly out, F9 (Line Drive, 9LS, EV 98.1 MPH)
|
|
Batting: RHB Nate Mahon
|
0-0: Ball 1-0: Ground out 1-3 (Groundball, 34S, EV 71.9 MPH)
|
| Top of the 9th over - 0 runs, 0 hits, 0 errors, 0 left on base; University of California 0 - Wichita State University 3 |
|